 Dungeon Crawl Stone Soup version 0.26-a0-652-gafc20e3620 (webtiles) character file.

Game seed: 14408395604543914185

625 reriks the Skirmisher (level 7, -1/66 HPs)
             Began as a Naga Fighter on Oct 2, 2020.
             Slain by an orc wizard
             ... wielding a +0 dagger
              (2 damage)
             ... on level 4 of the Dungeon.
             The game lasted 00:07:13 (4153 turns).

reriks the Skirmisher (Naga Fighter)                Turns: 4153, Time: 00:07:14

Health: -1/66      AC:  6    Str: 18    XL:     7   Next: 47%
Magic:  7/7        EV:  5    Int: 11    God:
Gold:   283        SH:  9    Dex: 10    Spells: 6/6 levels left

rFire    . . .     SeeInvis +   a - +0 war axe
rCold    . . .     Faith    .   c - +0 kite shield
rNeg     . . .     Spirit   .   b - +0 scale mail
rPois    +         Reflect  .   (no helmet)
rElec    .         Harm     .   (no cloak)
rCorr    .         Rampage  .   (no gloves)
MR       .....                  (no barding)
Stlth    ..........             (no amulet)
HPRegen  0.21/turn              (no ring)
MPRegen  0.10/turn              (no ring)

@: mighty, lethally poisoned (-1 -> -3), stab, very slow
A: large, see invisible, deformed body, poison resistance, slowness 2, spit
poison 1, AC +2
a: Spit Poison


You were on level 4 of the Dungeon.
You visited 1 branch of the dungeon, and saw 4 of its levels.

You collected 283 gold pieces.

Inventory:

Hand Weapons
 a - a +0 war axe (weapon)
Missiles
 t - 2 javelins (quivered)
 u - 4 boomerangs
Armour
 b - a +0 scale mail (worn)
 c - a +0 kite shield (worn)
Wands
 p - a wand of polymorph (5)
Scrolls
 f - a scroll of enchant armour {unknown}
 i - 6 scrolls of identify {unknown}
 j - 2 scrolls of fog {unknown}
 k - a scroll of remove curse {unknown}
 l - a scroll of noise {unknown}
 m - a scroll of teleportation {unknown}
 o - a scroll of blinking {unknown}
Potions
 d - 2 potions of might
 e - 2 potions of flight {unknown}
 g - 3 potions of stabbing
 h - a potion of invisibility {unknown}
 n - a potion of lignification {unknown}
 q - a potion of degeneration {unknown}
 r - a potion of haste {unknown}
 s - a potion of heal wounds {unknown}


   Skills:
 + Level 4.9 Fighting
 + Level 4.3 Axes
 + Level 4.0 Armour
 + Level 4.0 Shields


You had 6 spell levels left.
You didn't know any spells.
Your spell library was empty.

Dungeon Overview and Level Annotations

Branches:
Dungeon (4/15)
 Temple: D:4-7

Altars:
Hepliaklqana
Okawaru
Ru
Sif Muna
Wu Jian
Xom


Innate Abilities, Weirdness & Mutations

You cannot wear boots.
Your serpentine skin is tough. (AC +2)
You have supernaturally acute eyesight. (SInv)
Armour fits poorly on your strangely shaped body.
Your system is resistant to poisons. (rPois)
You cover ground very slowly.
You can spit poison.


Message History

An orc wizard is nearby!
You feel sick. The orc wizard casts a spell at you. The magic dart hits you.
* * * LOW HITPOINT WARNING * * *
You feel sick.
The orc wizard hits you with a +0 dagger.
* * * LOW HITPOINT WARNING * * *
The orc hits you with a +0 dagger.
* * * LOW HITPOINT WARNING * * *
The orc wizard hits you but does no damage.
You feel very mighty all of a sudden. The orc hits you but does no damage.
The orc wizard hits you but does no damage.
It was a potion of stabbing.
You feel ready to backstab.
You feel less confused.
* * * LOW HITPOINT WARNING * * *
You feel sick. You block the orc's attack.
The orc wizard hits you with a +0 dagger.
You die...

###.##.##.####.... .#
...(........ ....# ##..#
.....#.....###..#.###.#.#
....)##....##...#.##.#.#
..................##..#
...........##.##..#.)#.# ..
...........)#.# #.#.##(# #.#
#.....!...#o####.)).# # #..#
..........†#@.##.....## #..##
<...........o......(...##....#
.............#.†.....#........
...........#...##.).....###...
...........#..###...##..#### #
...........#.....####....#.###
..............##. #.........
..............###....#...####.
#....#.... ......### ##


You could see an orc wizard (invisible) and an orc.

Vanquished Creatures
  2 ogres
  A scorpion (D:4)
  4 orc wizards
  Jessica (D:3)
  Terence (D:3)
  2 worker ants
  4 gnolls (D:3)
  7 adders
  A white imp (D:2)
  2 oozes
  A worm (D:4)
  A dart slug (D:1)
  A leopard gecko (D:4)
  9 orcs
  2 ball pythons (D:3)
  2 bats
  A giant cockroach (D:2)
  4 goblins
  10 hobgoblins
  2 jackals (D:3)
  11 kobolds
  2 quokkas
  4 frilled lizards
  8 rats
83 creatures vanquished.

Notes
Turn   | Place    | Note
-------+----------+-------------------------------------------
     0 | D:1      | reriks the Naga Fighter began the quest for the Orb.
     0 | D:1      | Reached XP level 1. HP: 21/21 MP: 1/1
   472 | D:1      | Reached XP level 2. HP: 28/28 MP: 2/2
   994 | D:2      | Reached XP level 3. HP: 17/34 MP: 3/3
  1591 | D:2      | Found an iron altar of Okawaru.
  1748 | D:2      | Found an ornate altar of the Wu Jian Council.
  1809 | D:2      | Reached XP level 4. HP: 42/42 MP: 4/4
  1967 | D:2      | Found a sacrificial altar of Ru.
  2173 | D:2      | Found a hazy altar of Hepliaklqana.
  2281 | D:3      | Noticed an ogre
  2289 | D:3      | Killed an ogre
  2289 | D:3      | Reached XP level 5. HP: 18/50 MP: 5/5
  2582 | D:3      | Noticed Jessica
  2595 | D:3      | Killed Jessica
  2595 | D:3      | Reached XP level 6. HP: 49/57 MP: 6/6
  2637 | D:3      | Found a shimmering blue altar of Sif Muna.
  3226 | D:3      | Noticed Terence
  3380 | D:3      | Killed Terence
  3443 | D:2      | Found a shimmering altar of Xom.
  3714 | D:4      | Reached XP level 7. HP: 22/66 MP: 7/7
  4151 | D:4      | HP: 2/66 [orc/+0 dagger (3)]
  4153 | D:4      | Slain by an orc wizard

Illustrated notes

Levels and vault maps discovered:
D:1:      elethiomel_arrival_fortress_basement, layout_basic
D:2:      layout_loops_cross, old_standard_altar, old_standard_altar,
          lemuel_coloured_pillars_altar, nicolae_overflow_hidden_temple
D:3:      layout_basic, tgw_sif, uniq_jessica, uniq_terence
D:4:      layout_layer_cave, grunt_dithmenos_smoke,
          minmay_temple_entry_large_hall, st_stairs_3

Skill      XL: |  1  2  3  4  5  6  7 |
---------------+----------------------+-----
Axes           | 3 4 |  4.3
Armour         | 3 4 |  4.0
Shields        | 3 4 |  4.0
Fighting       | 4 |  4.9

Action                   |  1- 3 |  4- 6 |  7- 9 || total
-------------------------+-------+-------+-------++-------
Melee: War axe           |    84 |   124 |    40 ||   248
Throw: Javelin           |       |     1 |     8 ||     9
 Abil: Spit Poison       |     6 |    25 |     6 ||    37
  Use: Potion            |       |       |     2 ||     2
Armor: Scale mail        |    36 |    56 |    14 ||   106
Dodge: Dodged            |    24 |    23 |     8 ||    55
Block: Kite shield       |    32 |    66 |    23 ||   121

Table legend: (Time is in decaauts)
 A = Elapsed time spent in this place.
 B = Non-inter-level travel time spent in this place.
 C = Inter-level travel time spent in this place.
 D = Time resting spent in this place.
 E = Time spent auto-exploring this place.
 F = Levels seen in this place.
 G = Mean time per level.
                   A        B        C        D        E       F      G
               +--------+--------+--------+--------+--------+-----+--------+
         Total |   5034 |   4885 |    149 |   1462 |   2680 |   4 | 1258.5 |
       Dungeon |   5034 |   4885 |    149 |   1462 |   2680 |   4 | 1258.5 |
               +--------+--------+--------+--------+--------+-----+--------+

Top non-repeatable levels by time:
     D:3: 1602 daAuts
     D:2: 1576 daAuts
     D:1: 1206 daAuts
     D:4: 648 daAuts
